 Dungeon Crawl Stone Soup version 0.16-a0-2150-g7556756 (console) character file.

25 kusayu the Sneak (level 2, -1/19 HPs)
             Began as a Vampire Enchanter on Nov 13, 2014.
             Slain by a gnoll
             ... wielding a +0 club
              (2 damage)
             ... on level 1 of the Dungeon.
             The game lasted 00:10:42 (1016 turns).

kusayu the Sneak (Vampire Enchanter)                Turns: 1016, Time: 00:10:42

Health: -1/19      AC:  3    Str:  7    XL:     2   Next: 86%
Magic:  2/4        EV: 12    Int: 17    God:
Gold:   91         SH:  0    Dex: 14    Spells: 2 memorised, 2 levels left

rFire  . . .     SeeInvis +     a - +1 dagger
rCold  + . .     Clarity  .     b - +1 robe
rNeg   + + .     SustAb   .     (no shield)
rPois  +         Gourm    .     (no helmet)
rElec  .         Spirit   .     (no cloak)
rCorr  .         Warding  .     (no gloves)
rMut   .         Stasis   .     (no boots)
MR     .....                    (no amulet)
Stlth  ++++......               (no ring)
                                (no ring)

@: very slightly contaminated, regenerating slowly, not resistant to hostile
enchantments, stealthy
A: bottle blood, fangs 3, see invisible, unbreathing
a: no special abilities


You were on level 1 of the Dungeon.
You were very thirsty.

You visited 1 branch of the dungeon, and saw 1 of its levels.

You collected 91 gold pieces.

Inventory:

Hand weapons
 a - a +1 dagger (weapon)
Armour
 b - a +1 robe (worn)
Scrolls
 e - a scroll of random uselessness {unknown}
 f - a scroll of teleportation {unknown}
 g - a scroll of fog {unknown}
 h - a scroll of identify {unknown}
Potions
 d - a potion of blood
 i - a potion of curing {unknown}
 j - a potion of invisibility {unknown}
Books
 c - a book of Maledictions

   Spells                             Type                      Level
   *Corona                            Hexes                        1
   Sure Blade                         Hexes/Charms                 2
   *Ensorcelled Hibernation           Hexes/Ice                    2
   Confuse                            Hexes                        3
   Dazzling Spray                     Conjuration/Hexes            3
   Enslavement                        Hexes                        4


   Skills:
 - Level 1.1 Short Blades
 - Level 2.1 Dodging
 + Level 6.3 Stealth
 - Level 2.0 Spellcasting
 - Level 4.4 Hexes


You had 2 spell levels left.
You knew the following spells:

 Your Spells              Type           Power        Failure   Level  Hunger
a - Corona                Hex            ###....      3%          1    #......
b - Ensorcelled Hibernat  Hex/Ice        #.....       14%         2    ###....


Dungeon Overview and Level Annotations

Branches:
Dungeon (1/15)

Altars:


Innate Abilities, Weirdness & Mutations

You heal slowly.
You can bottle blood from corpses.
You have razor-sharp teeth.
You have supernaturally acute eyesight.
You can survive without breathing.


Message History

You are too injured to fight recklessly!
You are too injured to fight recklessly!
You are too injured to fight recklessly!
You are too injured to fight recklessly!
A goblin comes into view. It is wielding a glowing dagger.
The gnoll barely misses you.
Your magical contamination has completely faded away.
The gnoll hits you with a club.
* * * LOW HITPOINT WARNING * * *
You are feeling very thirsty.
Casting: Ensorcelled Hibernation
Confirm with . or Enter, or press ? or * to list all spells.
Aiming: Corona
Press: ? - help, Shift-Dir - straight line, f/p - gnoll
Aim: a gnoll, wielding a club (moderately wounded)
You miscast Corona.
You are very lightly contaminated with residual magic.
Nothing appears to happen.
The gnoll misses you. The gnoll hits you with a club.
You die...

########......>...............##
#..........................#.
#.####.......................
####.......(..............#
##.........................#
##.#..#.............#.......###
...........(.................##
.....#.....#.g###.....#....#...
.#...........@..........#.####
......#.##....###...#............
........##..#....................
.......##........................
..............#####.....).......#
.......##....#### #....##.#.#...#
.......##.......###.............#
.......#.........##.#.###...##...
......##.........###.## #########


You could see a gnoll.

Vanquished Creatures
  A giant gecko (D:1)
  2 oozes (D:1)
  5 hobgoblins (D:1)
  2 kobolds (D:1)
  3 bats (D:1)
  4 giant cockroaches (D:1)
  A giant newt (D:1)
  A goblin (D:1)
  3 rats (D:1)
22 creatures vanquished.

Notes
Turn   | Place    | Note
--------------------------------------------------------------
     0 | D:1      | kusayu, the Vampire Enchanter, began the quest for the Orb.
     0 | D:1      | Reached XP level 1. HP: 13/13 MP: 3/3
   135 | D:1      | Reached skill level 5 in Stealth
   142 | D:1      | Reached XP level 2. HP: 13/19 MP: 0/4
   146 | D:1      | Learned a level 2 spell: Ensorcelled Hibernation
   529 | D:1      | Reached skill level 6 in Stealth
  1016 | D:1      | Slain by a gnoll

Action                   || total
-------------------------++-------
Melee: Dagger            ||    70
 Cast: Corona            ||     5
       Ensorcelled Hiber ||    11
 Stab: Sleeping          ||    11
